Map: Neon Violet Square LE

Players

Jason - Winner!

  • Race: Terran Terran
  • League: Grandmaster
  • Spawn Location: 11:00

Tambi

  • Race: Zerg Zerg
  • League: Grandmaster
  • Spawn Location: 5:00

VOD

Have the link to the VOD?

Description

Time

  • Played on: March 2, 2018, 9:11 p.m.
  • Length: 20:40
Show
View Real Time Build Order
Export as new Build Order

Jason Terran - Winner!

Build Orders: Reaper Expand, MMM Bio 

Get SALT Encoding   

  12  0:01  SCV  
  13  0:13  SCV  
  14  0:18  Supply Depot  
  14  0:25  SCV  
  15  0:40  SCV  
  15  0:41  Barracks  
  16  0:45  Refinery  
  16  0:52  SCV  
  17  1:04  SCV  
  18  1:16  SCV  
  19  1:32  Reaper, Orbital Command  
  20  1:43  Command Center  
  20  1:54  Barracks  
  20  2:00  SCV  
  21  2:05  Barracks Reactor  
  21  2:14  SCV, Supply Depot  
  22  2:20  Refinery  
  22  2:26  SCV  
  23  2:32  Factory  
  23  2:39  SCV  
  23  2:44  Barracks Tech Lab  
  24  2:45  Marine x2  
  26  2:51  SCV  
  26  2:57  Orbital Command  
  27  3:03  Marine x2  
  27  3:05  Stimpack  
  29  3:06  SCV  
  29  3:10  Marine  
  31  3:19  SCV  
  32  3:22  Starport  
  32  3:25  Marine x2  
  34  3:28  Factory Reactor  
  34  3:30  Marine  
  34  3:31  SCV  
  35  3:42  Supply Depot  
  35  3:43  SCV, Marine x2  
  35  3:47  SCV  
  39  3:48  Marine  
  39  3:55  SCV  
  41  4:01  Marine x2  
  43  4:06  SCV  
  43  4:07  Marine  
  36  4:10  Medivac x2  
  45  4:11  Supply Depot  
  45  4:13  SCV  
  50  4:18  Marine x2  
  50  4:22  Supply Depot  
  50  4:24  Widow Mine  
  54  4:33  SCV x2, Marine  
  54  4:36  Marine  
  58  4:42  Engineering Bay  
  58  4:44  Engineering Bay  
  58  4:45  Marine  
  59  4:47  SCV x2  
  59  4:49  Factory Reactor  
  59  4:51  Marine  
  62  4:53  Medivac  
  64  5:02  Command Center  
  64  5:04  SCV  
  64  5:06  SCV  
  66  5:15  Marine x3, Combat Shields  
  68  5:21  Terran Infantry Armor Level 1  
  68  5:27  SCV  
  65  5:33  Marine x2  
  67  5:40  SCV x2  
  67  5:42  Refinery  
  69  5:43  Supply Depot  
  69  5:44  Factory Reactor  
  69  5:47  Starport Reactor  
  69  5:51  Marine  
  70  5:58  Barracks  
  70  6:00  Terran Infantry Weapons Level 1  
  70  6:01  Barracks  
  70  6:02  Barracks  
  70  6:04  SCV, Marine x2  
  70  6:09  Marine  
  66  6:18  SCV  
  56  6:20  Orbital Command  
  56  6:24  Widow Mine x2  
  56  6:25  SCV  
  61  6:29  Marine x2  
  61  6:32  Supply Depot  
  63  6:33  Medivac, Supply Depot  
  63  6:34  Medivac  
  63  6:35  SCV  
  63  6:37  SCV  
  69  6:41  Marine  
  69  6:45  Marine  
  69  6:46  Marine  
  72  6:47  SCV, Marine  
  72  6:50  Barracks Reactor, Orbital Command, Armory  
  72  6:52  SCV  
  75  6:54  Marine  
  75  6:55  Marine  
  75  6:59  SCV  
  75  7:00  Marine  
  79  7:02  Marine  
  79  7:04  SCV, Marine x2  
  85  7:08  Widow Mine  
  85  7:10  Widow Mine  
  85  7:13  Marine  
  85  7:14  Marine x2  
  90  7:16  SCV x2  
  90  7:18  SCV  
  90  7:22  Marine, Refinery  
  92  7:43  Marine x5  
  92  7:44  Marine x4  
  92  7:45  SCV x3  
  92  7:46  Terran Infantry Armor Level 2  
  92  7:50  Medivac  
  101  7:51  Factory  
  101  7:56  Widow Mine x2  
  101  7:57  SCV x2  
  107  8:01  Marine x3  
  107  8:03  Marine  
  109  8:06  Supply Depot x2  
  109  8:19  Supply Depot  
  109  8:21  Supply Depot x2  
  109  8:25  Marine x3  
  109  8:26  Marine x2  
  108  8:31  Marine x2  
  108  8:32  Marine x2  
  105  8:35  Factory Tech Lab  
  105  8:37  Command Center  
  105  8:38  SCV x3  
  108  8:42  Factory Tech Lab  
  108  8:43  Marine x3  
  108  8:44  Marine x2  
  108  8:46  Medivac x2  
  117  8:48  Refinery  
  117  8:49  Marine x3  
  117  8:50  SCV, Marine  
  117  8:51  Refinery  
  122  8:58  Siege Tank  
  122  9:00  Marine  
  122  9:01  Marine x2  
  122  9:02  Marine x2  
  130  9:15  Marine x3  
  130  9:16  Marine, Siege Tank  
  128  9:19  Marauder  
  128  9:20  Marine x3  
  128  9:21  Marine  
  132  9:33  Medivac x2, Marine x3  
  132  9:34  Marine  
  132  9:38  Marine  
  140  9:41  Marauder  
  140  9:43  SCV x2  
  140  9:44  SCV  
  146  9:46  Siege Tank  
  146  9:49  Siege Tank  
  152  9:58  Barracks  
  152  9:59  Barracks  
  152  10:01  Barracks  
  152  10:05  Liberator  
  152  10:09  Marine x2  
  152  10:13  Sensor Tower, Liberator  
  154  10:17  Planetary Fortress  
  154  10:18  Siege Tank  
  157  10:22  Sensor Tower  
  157  10:23  Starport  
  157  10:24  Starport  
  160  10:34  Refinery x2  
  160  10:35  Marine  
  164  10:38  Marine  
  164  10:49  Supply Depot  
  164  10:50  Supply Depot x2  
  164  10:51  Liberator, Supply Depot  
  164  10:52  Barracks Tech Lab x2  
  164  10:55  Supply Depot  
  164  10:56  Marine x2  
  166  11:00  Marauder  
  168  11:16  Marine  
  120  11:19  Marine x2  
  120  11:20  Marauder, Marine  
  120  11:21  SCV, Marauder  
  120  11:25  SCV  
  125  11:29  SCV x2  
  127  11:33  SCV, Liberator  
  127  11:36  Supply Depot  
  127  11:37  SCV  
  129  11:43  SCV x2, Marauder, Marine  
  129  11:45  SCV  
  138  11:54  Marine  
  138  11:55  Marauder  
  138  11:58  Liberator x2  
  138  12:01  Marauder, Marine x2  
  144  12:03  Terran Infantry Armor Level 3  
  144  12:04  SCV, Marauder  
  144  12:06  SCV  
  149  12:15  Liberator  
  155  12:16  Liberator, Ghost Academy  
  155  12:18  Marauder  
  157  12:26  Marauder  
  153  12:31  Marauder  
  161  12:38  Sensor Tower  
  161  12:39  Marauder  
  161  12:41  Liberator  
  160  12:45  Marine  
  160  12:47  Marauder  
  160  12:48  Marine  
  164  12:55  Siege Tank  
  170  12:58  Marine  
  170  12:59  Marauder  
  170  13:01  Command Center, Marine  
  170  13:02  Marine  
  170  13:03  Marauder  
  177  13:06  Personal Cloaking  
  177  13:14  Ghost  
  177  13:18  Terran Infantry Weapons Level 2  
  179  13:20  Ghost  
  179  13:26  Liberator x3  
  175  13:42  Ghost x2  
  165  14:03  Marauder, Marine  
  165  14:06  Marine  
  169  14:10  Concussive Shells  
  169  14:11  Marauder, Ghost  
  173  14:20  Liberator x3  
  157  14:35  Ghost x2  
  170  14:38  Marine x3  
  170  14:40  Marauder  
  171  15:02  Marauder  
  173  15:08  Ghost  
  173  15:13  Marauder, Marine  
  178  15:17  Marine  
  178  15:20  Marine  
  178  15:21  Marine  
  181  15:22  Ghost, Marine  
  181  15:24  Marine  
  181  15:27  Marine  
  183  15:29  Medivac x3  
  183  15:34  Ghost  
  191  15:36  Starport Tech Lab, Ghost  
  191  15:38  Fusion Core  
  192  16:09  Planetary Fortress  
  192  16:14  Sensor Tower  
  192  16:25  Missile Turret, Sensor Tower, Advanced Ballistics  
  192  16:26  Command Center  
  192  16:27  Missile Turret  
  192  16:28  Ghost  
  192  16:29  Missile Turret  
  192  16:31  Missile Turret, Command Center  
  194  16:33  Missile Turret, Ghost  
  167  16:50  Ghost  
  163  16:56  Ghost  
  163  16:57  Command Center  
  163  17:00  Liberator x2  
  162  17:10  Ghost  
  164  17:19  Missile Turret, Ghost  
  172  17:27  Missile Turret x2  
  172  17:29  Missile Turret  
  172  17:33  Marine x2  
  172  17:34  Marauder  
  172  17:35  Marine x2  
  172  17:36  Marine  
  179  17:39  Marauder, Marine  
  179  17:43  Marine x3  
  185  17:48  Marauder  
  187  17:55  Marine x3  
  187  17:56  Marauder  
  187  17:58  Marine x3  
  192  18:00  Marauder  
  192  18:01  Liberator, Marine  
  198  18:09  Marauder  
  194  18:17  Marauder  
  199  18:29  Orbital Command  
  199  18:35  Command Center x2  
  199  18:36  Command Center  
  199  18:40  Starport Tech Lab  
  199  18:45  Terran Ship Weapons Level 1  
  199  19:01  Orbital Command  
  198  19:03  Orbital Command  
  198  19:35  Ghost  
  173  20:28  Command Center  
  173  20:29  Missile Turret  
  173  20:30  Command Center  
  173  20:31  Missile Turret  
  173  20:32  Missile Turret, Command Center  
Show
View Real Time Build Order
Export as new Build Order

Tambi Zerg 

Build Orders: Hatch First 

Get SALT Encoding   

  12  0:01  Drone  
  13  0:12  Overlord  
  13  0:21  Drone  
  14  0:33  Drone x2  
  16  0:38  Drone  
  17  0:54  Hatchery  
  17  0:55  Drone  
  17  0:59  Drone  
  18  1:10  Extractor  
  17  1:14  Spawning Pool  
  17  1:17  Drone  
  17  1:21  Drone  
  18  1:28  Drone  
  19  1:42  Overlord  
  19  1:49  Drone  
  20  2:00  Queen  
  22  2:01  Zergling x2  
  22  2:06  Queen  
  22  2:07  Zergling x2  
  26  2:09  Metabolic Boost  
  26  2:14  Drone  
  27  2:17  Drone  
  27  2:22  Drone  
  29  2:27  Drone  
  30  2:48  Drone x3  
  30  2:50  Hatchery  
  32  2:54  Overlord  
  32  2:57  Drone  
  33  3:01  Drone  
  33  3:02  Evolution Chamber  
  33  3:05  Drone  
  34  3:08  Queen  
  36  3:21  Drone x4  
  36  3:22  Drone  
  41  3:30  Overlord  
  41  3:34  Drone  
  41  3:38  Extractor  
  41  3:40  Drone  
  42  3:47  Queen  
  42  3:48  Queen  
  46  3:49  Overlord  
  46  3:54  Zerg Ground Armor Level 1  
  46  3:55  Drone x2  
  48  4:05  Queen  
  48  4:07  Overlord  
  48  4:09  Drone x3  
  53  4:13  Zergling x2  
  53  4:14  Zergling x4  
  56  4:17  Zergling x4  
  58  4:29  Queen x2  
  61  4:31  Zergling x2  
  61  4:32  Zergling x2  
  61  4:33  Overlord  
  61  4:36  Zergling x2  
  64  4:40  Zergling x4  
  64  4:44  Zergling x2  
  64  4:45  Zergling x4  
  69  4:46  Zergling x2  
  69  4:49  Zergling x4  
  72  4:55  Baneling Nest  
  72  4:56  Drone x2  
  73  5:01  Drone x2  
  73  5:02  Drone  
  76  5:11  Drone x5  
  80  5:16  Lair  
  79  5:22  Evolution Chamber  
  79  5:27  Zergling x4  
  79  5:28  Zergling x6, Overlord  
  81  5:34  Overlord  
  81  5:41  Overlord  
  81  5:45  Overlord  
  81  5:46  Overlord x2  
  81  5:48  Zerg Melee Weapons Level 1  
  81  5:52  Baneling x4  
  81  5:53  Drone x4  
  85  5:58  Overlord  
  85  6:11  Zergling x20  
  86  6:14  Queen  
  86  6:17  Drone x2  
  90  6:24  Drone  
  91  6:26  Centrifical Hooks  
  91  6:27  Zerg Ground Armor Level 2  
  91  6:28  Drone x2  
  91  6:32  Queen  
  95  6:35  Queen  
  97  6:43  Baneling x3  
  97  6:44  Drone x6  
  103  6:51  Drone x3  
  103  6:54  Extractor  
  105  6:55  Extractor x2  
  105  6:58  Drone x5, Extractor  
  107  7:03  Overlord  
  107  7:07  Zergling x2  
  108  7:10  Overlord  
  108  7:13  Overseer  
  108  7:14  Zergling x2  
  108  7:15  Zergling x12  
  115  7:20  Hydralisk Den  
  113  7:30  Zergling x2  
  113  7:31  Zergling x12  
  115  7:39  Zergling x4  
  115  7:46  Overlord  
  115  7:48  Hydralisk x2  
  115  7:49  Hydralisk x3  
  125  7:55  Infestation Pit  
  122  8:02  Hydralisk x6  
  133  8:07  Hatchery  
  133  8:08  Drone  
  129  8:28  Zergling x2  
  129  8:29  Zergling x20  
  139  8:39  Baneling x16  
  139  8:41  Zergling x16  
  146  8:45  Overlord  
  147  8:50  Hatchery  
  147  8:54  Baneling x13  
  147  8:59  Hive  
  147  9:01  Hatchery  
  144  9:16  Zergling x12  
  144  9:17  Zergling x8  
  138  9:27  Zergling x12  
  142  9:32  Overlord  
  142  9:38  Zergling x6  
  139  9:54  Hydralisk x6  
  139  9:57  Grooved Spines  
  139  9:59  Zerg Missile Weapons Level 1, Zerg Melee Weapons Level 2  
  143  10:02  Hydralisk  
  143  10:03  Hydralisk x3  
  145  10:08  Drone x3  
  145  10:12  Baneling x10  
  145  10:13  Baneling  
  144  10:18  Drone x4  
  148  10:28  Ultralisk Cavern  
  148  10:34  Zergling x16  
  152  10:49  Zergling x24  
  164  10:53  Adrenal Glands  
  152  11:15  Zergling x24  
  152  11:16  Zergling x2  
  145  11:21  Muscular Augments  
  140  11:28  Viper x4  
  151  11:33  Drone x3, Extractor  
  151  11:34  Drone x2, Extractor  
  151  11:35  Drone x8  
  162  11:41  Overlord  
  162  11:43  Chitinous Plating  
  162  11:46  Overseer  
  162  11:47  Overseer  
  162  11:51  Baneling x7  
  162  11:57  Overlord  
  162  12:09  Hatchery  
  162  12:13  Overlord x2  
  162  12:14  Ultralisk x2  
  166  12:45  Ultralisk x3  
  184  12:53  Spine Crawler x2  
  184  12:54  Spine Crawler  
  184  12:56  Zergling x8  
  184  12:57  Zergling x26  
  198  13:01  Spire  
  197  13:10  Extractor  
  197  13:11  Extractor  
  195  13:13  Baneling x12  
  157  13:59  Hydralisk x7  
  157  14:00  Hydralisk x13  
  165  14:04  Ultralisk  
  165  14:09  Zergling x12  
  177  14:16  Zergling x2  
  181  14:17  Zergling x12  
  177  14:32  Ultralisk  
  177  14:36  Zergling x2  
  177  14:37  Zergling x12  
  184  14:42  Hatchery  
  184  14:45  Drone x2  
  183  14:48  Hatchery  
  182  14:53  Zergling x4  
  182  14:58  Queen x2  
  188  15:07  Zerg Ground Armor Level 3  
  187  15:15  Zergling x16  
  195  15:29  Zerg Melee Weapons Level 3  
  184  15:48  Baneling x8  
  184  15:49  Baneling x13  
  196  15:50  Ultralisk x2  
  196  16:00  Zergling x14  
  199  16:16  Greater Spire  
  199  16:34  Extractor  
  199  16:37  Extractor  
  119  16:55  Drone  
  119  16:57  Corruptor  
  119  16:58  Corruptor x9  
  119  17:00  Zergling x14  
  119  17:01  Zergling x18  
  156  17:07  Zergling x2  
  153  17:11  Ultralisk  
  157  17:20  Queen x3  
  163  17:24  Zergling x2  
  163  17:25  Zergling x10  
  169  17:32  Zerg Flyer Weapons Level 1  
  169  17:37  Pathogen Glands  
  169  17:39  Drone x5  
  174  17:50  Corruptor x5  
  174  17:53  Baneling x6  
  174  17:54  Baneling x21  
  170  18:41  Hatchery  
  170  18:44  Brood Lord x8  
  170  18:47  Zergling x2  
  170  18:48  Zergling x14  
  193  18:49  Hatchery  
  193  18:53  Brood Lord  
  194  19:10  Hydralisk x2  
  198  19:30  Overseer x3  
  192  19:32  Pneumatized Carapace  
  188  19:41  Zergling x22  
Tags
 
Add a new tag
Caveats
  • Supply blocks, unpowered buildings, or Contaminate may cause inaccurate times.
  • Supply counts are checked every 10 seconds.